Unix NetHack Version 5.0.0-0 post-release - last build May 10 2026 23:12:36 (d1fa5d53e341ca933230fdaa984d921c805b60aa,branch:main).

Game began 2026-05-13 16:31:03, ended 2026-05-13 16:42:43.

ArrBianca, lawful female dwarven Archeologist

                                                               ------------
                                       ---------.-.-           |(((((((.((|
                                       |...........|           |(.((((((((|
                                       |.........d..#          |((((((((((|
                                       +.........d.|#          |((((((((((|
                                       ----------d--###        |..........|
                                                 @    #        --|---------
                                                 d    ##         #
                                                ##     #         #
                                             ####      #  -------.-
                                             #         #  |.......|
                                             #         ###...%....|
                                             #            |.......|
                                            ##            |.......|
                                ---- -------.---          |.......|
                                ...............|          ---------
                                |..............|
                                |...........<..|
                                ----------------

ArrBianca the Field Worker  St:14 Dx:11 Co:13 In:15 Wi:13 Ch:9  Lawful
Dlvl:4  $:4  HP:0(32) Pw:12(12) AC:7  Xp:3 T:1206 

Latest messages:
 The werejackal changes into a jackal.
 The werejackal summons help!
 A coyote suddenly appears next to you!
 A jackal suddenly appears close by!
 The werejackal bites!
 You feel feverish.
 Autopickup: OFF.
 Autopickup: ON, for $?!/="+% objects, with some exceptions.
 Are you sure you want to pray? [yn] (n) y
 You begin praying to Quetzalcoatl.
 You are surrounded by a shimmering light.
 The coyote starts to attack you, but pulls back.
 The werejackal starts to attack you, but pulls back.
 The coyote starts to attack you, but pulls back.
 The werejackal starts to attack you, but pulls back.
 The coyote starts to attack you, but pulls back.
 The werejackal starts to attack you, but pulls back.
 You finish your prayer.
 You feel that Quetzalcoatl is well-pleased.
 You feel purified.
 What do you want to read? [uwB or ?*] u
 As you read the scroll, it disappears.
 Your hands begin to glow red.
 The coyote bites!
 The werejackal bites!
 You avoid harm.
 You hear someone cursing shoplifters.
 You kill the coyote!
 The werejackal bites!
 You kill the jackal!
 The werejackal summons help!
 A coyote suddenly appears next to you!
 A jackal suddenly appears close by!
 The werejackal bites!
 What do you want to drink? [v or ?*] v
 This tastes like romanesco juice.
 Call a black potion: froot juice
 The coyote bites!
 The werejackal bites!
 You lash the werejackal.
 Your hands no longer glow so brightly red.
 The werejackal appears confused.
 The coyote bites!
 The werejackal misses the jackal.
 You lash the coyote.
 Your hands no longer glow so brightly red.
 The coyote appears confused.
 The coyote bites!
 You die...
 Do you want an account of creatures vanquished? [ynaq] (y) q

Inventory:
 Coins    ('$')
  $ - 4 gold pieces
 Weapons  (')')
  q - 7 +0 arrows
  p - 6 +0 ya
  I - a blessed +2 dart
  k - 22 +0 darts (at the ready)
  o - a cursed +0 dart
  a - a +2 bullwhip (weapon in right hand)
 Armor    ('[')
  c - an uncursed +0 fedora (being worn)
  t - an uncursed +1 pair of elven boots (being worn)
  r - an uncursed +0 dwarvish cloak (being worn)
  b - an uncursed +0 leather jacket (being worn)
 Comestibles  ('%')
  d - 7 uncursed food rations
  m - an uncursed homemade tin of newt meat
 Scrolls  ('?')
  w - a blessed scroll of create monster
  B - an uncursed scroll of identify
 Tools    ('(')
  h - an empty uncursed sack
  G - an empty uncursed sack
  K - an uncursed lock pick
  e - a +0 pick-axe
  i - an uncursed tin opener
  f - a tinning kit (0:84)
 Gems/Stones  ('*')
  g - an uncursed touchstone

ArrBianca the Archeologist's attributes:

Background:
 You were a Field Worker, a level 3 female dwarven Archeologist.
 You were lawful, on a mission for Quetzalcoatl
 who was opposed by Camaxtli (neutral) and Huhetotl (chaotic).
 You were right-handed.
 You were in the Dungeons of Doom, on level 4.
 You entered the dungeon 1206 turns ago.
 You had 71 experience points, 9 more were needed to attain level 4.

Basics:
 You had 0 out of 32 hit points.
 You had all 12 energy points (spell power).
 Your armor class was 7.
 Your wallet contained 4 zorkmids.
 Autopickup was on for '$?!/="+%' plus thrown, with exceptions.

Final Characteristics:
 Your strength was 14 (limit:18/100).
 Your dexterity was 11 (limit:20).
 Your constitution was 13 (limit:20).
 Your intelligence was 15 (limit:16).
 Your wisdom was 13 (limit:16).
 Your charisma was 9 (limit:16).

Final Status:
 You weren't hungry.
 You were unencumbered.
 You were wielding a whip.
 You had basic skill with whip.

Final Attributes:
 You were devoutly aligned.
 Your items were somewhat protected from fire.
 Your items were somewhat protected from cold.
 You saw invisible.
 You had automatic searching.
 You had infravision.
 You would have confused monsters when hitting them.
 You were stealthy.
 You were warded.
 You were lucky.
 You are dead.

Miscellaneous:
 You didn't encounter any bones levels.
 Total elapsed playing time was 11 minutes and 40 seconds.

Major events:
 Turn
    1: ArrBianca the lawful female dwarven Archeologist entered the dungeon
  756: attained the rank of Field Worker (level 3)
 1206: killed by a coyote

You didn't know any spells.

Skills:
 Fighting Skills
   bare handed combat [Unskilled]
   two weapon combat  [Unskilled]
   riding             [Unskilled]
 Weapon Skills
   dagger             [Unskilled]
   knife              [Unskilled]
   pick-axe           [Basic]
   short sword        [Unskilled]
   saber              [Unskilled]
   club               [Unskilled]
   quarterstaff       [Unskilled]
   sling              [Unskilled]
   dart               [Unskilled]
   boomerang          [Unskilled]
   whip               [Basic]
   unicorn horn       [Unskilled]
 Spellcasting Skills
   attack spells      [Unskilled]
   healing spells     [Unskilled]
   divination spells  [Unskilled]
   matter spells      [Unskilled]

Voluntary challenges:
 Character rerolling was not enabled.
 You never had a pet.
 You never genocided any monsters.
 You never polymorphed an object.
 You never changed form.
 You used no wishes.
Achievements:
 You entered a shop.
 You attained the rank of Field Worker.

 The Dungeons of Doom: levels 1 to 4
    Level 1:
       A grave.
    Level 2:
       A scroll shop, an altar, a fountain, a grave.
    Level 3:
    Level 4: <- You were here.
       A tool shop.
       Final resting place for
          you, killed by a coyote.


Vanquished creatures:
  a shrieker
  3 coyotes
  a gas spore
  a manes
  a gnome zombie
  2 geckos
  a jackal
  2 foxes
  2 goblins
  5 grid bugs
  a bat
  a lichen
  5 newts
26 creatures vanquished.

No species were genocided or became extinct.

Game over:
                       ----------
                      /          \
                     /    REST    \
                    /      IN      \
                   /     PEACE      \
                  /                  \
                  |    ArrBianca     |
                  |       4 Au       |
                  |   killed by a    |
                  |      coyote      |
                  |                  |
                  |                  |
                  |       2026       |
                 *|     *  *  *      | *
        _________)/\\_//(\/(/\)/\//\/|_)_______

Goodbye ArrBianca the Archeologist...

You died in The Dungeons of Doom on dungeon level 4 with 438 points,
and 4 pieces of gold, after 1206 moves.
You were level 3 with a maximum of 32 hit points when you died.

